 Dungeon Crawl Stone Soup version 0.29-a0-653-gd47aff6735 (webtiles) character file.

Game seed: 12718350844918642373

3517 avis the Archer (level 9, -4/75 HPs)
             Began as a Demigod Ice Elementalist on June 20, 2022.
             Slain by a yak (6 damage)
             ... on level 8 of the Dungeon on June 21, 2022.
             The game lasted 01:20:35 (11194 turns).

avis the Archer (Demigod Ice Elementalist)         Turns: 11194, Time: 01:20:37

Health: -4/75      AC: 19    Str: 15    XL:     9   Next: 52%
Magic:  14/16      EV: 13    Int: 17    God:
Gold:   319        SH:  0    Dex: 32    Spells: 4/14 levels left

rFire   . . .      SeeInvis .   a - +1 shortbow (chaos)
rCold   . . .      Faith    .   (shield currently unavailable)
rNeg    . . .      Spirit   .   l - +0 robe
rPois   .          Reflect  .   G - +2 helmet
rElec   +          Harm     .   y - +2 cloak {rCorr}
rCorr   +          Rampage  .   T - +1 pair of gloves "Ajum" {rElec}
Will    .....                   m - +1 pair of boots
Stlth   +++.......              j - amulet of the acrobat
HPRegen 0.22/turn               v - +6 ring of dexterity
MPRegen 0.15/turn               L - +6 ring of strength

@: ice-armoured
A: high MP 1, forlorn, divine attributes
a: no special abilities


You were on level 8 of the Dungeon.
You visited 2 branches of the dungeon, and saw 10 of its levels.

You collected 319 gold pieces.

Inventory:

Hand Weapons
 a - a +1 shortbow of chaos (weapon)
 b - the +7 mace of the Feeding Oracle {elec, rF+++ rCorr Str-4 Stlth+}
   (You found it on level 2 of the Dungeon)

   It occasionally discharges a powerful burst of electricity upon striking a
   foe.
   Str:       It affects your strength (-4).
   rF:        It renders you almost immune to fire.
   rCorr:     It protects you from acid and corrosion.
   Stlth:     It makes you more stealthy.
 w - the +7 dagger "Cus Ryll" {vorpal, rN+ Dex-4 SInv}
   (You took it off an orc on level 5 of the Dungeon)

   It inflicts extra damage upon your enemies.
   Dex:       It affects your dexterity (-4).
   rN:        It protects you from negative energy.
   SInv:      It lets you see invisible.
Missiles
 c - 5 throwing nets
Armour
 l - a +0 robe (worn)
 m - a +1 pair of boots (worn)
 y - a +2 cloak of preservation (worn)
 G - a +2 helmet (worn)
 T - the +1 pair of gloves "Ajum" (worn) {rElec}
   (You found it on level 5 of the Dungeon)

   rElec:     It insulates you from electricity.
Jewellery
 j - an amulet of the acrobat (around neck)
 v - a +6 ring of dexterity (left hand)
 L - a +6 ring of strength (right hand)
 O - a ring of positive energy
 S - a ring of ice
Wands
 n - a wand of light (22)
 o - a wand of iceblast (8)
 F - a wand of mindburst (6)
 U - a wand of flame (28)
Scrolls
 h - 3 scrolls of magic mapping
 k - 2 scrolls of teleportation
 q - a scroll of fog
 t - 3 scrolls of poison
 E - 2 scrolls of fear
Potions
 d - 2 potions of curing
 e - a potion of invisibility
 f - 4 potions of brilliance
 g - a potion of magic
 i - 3 potions of might
 p - a potion of degeneration {unknown}
 s - a potion of flight
 A - a potion of attraction {unknown}
 B - a potion of cancellation
 H - 2 potions of haste
 I - a potion of resistance


   Skills:
 - Level 6.0 Fighting
 * Level 9.1 Bows
 - Level 2.0 Dodging
 - Level 2.0 Stealth
 - Level 3.0 Spellcasting
 - Level 7.0 Ice Magic
 + Level 1.0 Air Magic


You had 4 spell levels left.
You knew the following spells:

 Your Spells              Type           Power      Damage    Failure   Level
a - Freeze                Ice            100%       1d11      1%          1
f - Swiftness             Air            5%         N/A       34%         3
o - Ozocubu's Armour      Ice            26%        N/A       3%          3
r - Frozen Ramparts       Ice            52%        1d7       3%          3

Your spell library contained the following spells:

 Spells                   Type           Power      Damage    Failure   Level
 Shock                    Conj/Air       16%        1d4       14%         1
 Necrotize                Necr           8%         1d4       17%         1
 Slow                     Hex            8%         N/A       17%         1
 Hailstorm                Conj/Ice       14%        3d5       38%         4
 Confusing Touch          Hex            2%         N/A       45%         3
 Gell's Gravitas          Tloc           2%         N/A       45%         3
 Lesser Beckoning         Tloc           2%         N/A       45%         3
 Teleport Other           Tloc           2%         N/A       45%         3
 Vampiric Draining        Necr           2%         2d6       45%         3
 Airstrike                Air            2%         N/A       75%         4
 Agony                    Necr           2%         N/A       99%         5
 Summon Forest            Summ/Tloc      1%         N/A       99%         5
 Eringya's Noxious Bog    Tmut/Pois      1%         N/A       100%        6
 Summon Hydra             Summ           1%         N/A       100%        7


Dungeon Overview and Level Annotations

Branches:
Dungeon (9/15)             Temple (1/1) D:4
   Lair: D:8-11         Orc: D:9-12

Shops:
D:6 [

Annotations:
D:3 deep water unexplored


Innate Abilities, Weirdness & Mutations

You have an increased reservoir of magic. (+10% MP)
You shall have no god before yourself.
Your divine heritage dramatically boosts your attributes as you level up.


Message History

Confirm with . or Enter, or press ? or * to list all spells.
A film of ice covers your body! The yak gores you but does no damage.
The yak gores you. x2
Shoot: a) +1 shortbow (chaos)
Press: ? - help, Q - select action, (/) - cycle Shift-Dir - straight line, f - yak
Aim: a yak (81% to hit)
You shoot an arrow. The arrow hits the yak!
The yak goes berserk!
The yak is moderately wounded.
The yak closely misses you. x2; The yak gores you!
Shoot: a) +1 shortbow (chaos)
Press: ? - help, Q - select action, (/) - cycle Shift-Dir - straight line, f/p - yak
Aim: a yak (moderately wounded, berserk, 81% to hit)
You shoot an arrow. The arrow hits the yak!
The yak seems to speed up.
The yak is heavily wounded.
The yak gores you but does no damage. The yak barely misses you.
The yak gores you but does no damage. The yak gores you.
Shoot: a) +1 shortbow (chaos)
Press: ? - help, Q - select action, (/) - cycle Shift-Dir - straight line, f/p - yak
Aim: a yak (heavily wounded, berserk, fast, 81% to hit)
You shoot an arrow. The arrow hits the yak!
The yak is severely wounded.
The yak misses you.
The yak gores you but does no damage. x2
Shoot: a) +1 shortbow (chaos)
Press: ? - help, Q - select action, (/) - cycle Shift-Dir - straight line, f/p - yak
Aim: a yak (severely wounded, berserk, fast, 81% to hit)
You shoot an arrow. The arrow hits the yak.
The arrow freezes the yak.
The yak is almost dead.
The yak barely misses you. The yak gores you!
* * * LOW HITPOINT WARNING * * *
The yak gores you!
* * * LOW HITPOINT WARNING * * *
The yak gores you.
* * * LOW HITPOINT WARNING * * *
Shoot: a) +1 shortbow (chaos)
Press: ? - help, Q - select action, (/) - cycle Shift-Dir - straight line, f/p - yak
Aim: a yak (almost dead, berserk, fast, 81% to hit)
You shoot an arrow. The arrow hits the yak.
Lightning courses through the yak!
You kill the yak!
The yak misses you. The yak gores you.
You die...

####.####### #.### #.......#
#########...#### #.##....#
#.....##........ #)##....#
#.....##.##.##.# #)##....#
#.....##.##.##.# #.###.#.#
#.....##....##.# #....≈♣♣##
#.....##.#####.#
####≈♣♣≈≈#####.......####.#
#≈≈♣≈≈≈≈†@Y.....#........#
♣♣♣≈≈≈≈♣♣♣Y..........#####
#♣≈[)♣P≈≈≈≈♣...#._.#..# ###
♣≈≈≈≈≈≈≈P≈♣♣..........# ##
#.## #♣≈)♣≈≈≈≈≈≈≈≈≈....#....#
#.
.#.###≈♣≈≈P≈≈P≈♣≈≈≈........##
#.
#.....P)≈≈P≈≈≈PP♣≈≈.......##
#.
#.###♣≈≈≈♣≈≈≈≈≈≈≈P♣#.######
#. #.# ♣≈≈≈≈≈≈≈≈≈≈≈≈P♣.# #.


You could see 2 yaks.

Vanquished Creatures
  A hornet (D:7)
  A vampire (D:9)
  Sigmund (D:2)
  2 yaks (D:8)
  A shadow (D:8)
  A steam dragon (D:8)
  3 water moccasins
  An orc warrior (D:8)
  A black bear (D:7)
  A sky beast (D:6)
  2 ice beasts (D:6)
  3 ogres
  The ghost of Newt the Skirmisher, an amateur DsAK of Lugonu (D:5)
  2 centaurs
  2 kobold brigands
  A scorpion (D:6)
  4 killer bees (D:8)
  8 electric eels (D:8)
  An orc priest (D:5)
  2 gnoll shamans
  Crazy Yiuf (D:2)
  4 iguanas
  2 orc wizards
  Robin (D:2)
  13 gnolls
  13 adders
  A shadow imp (D:6)
  An ufetubus (D:5)
  A worm (D:2)
  23 orcs
  4 bats
  7 endoplasms
  3 giant cockroaches
  17 goblins
  7 hobgoblins
  3 jackals (D:4)
  18 kobolds
  3 quokkas
  6 ball pythons
  3 frilled lizards
  3 rats
173 creatures vanquished.

Vanquished Creatures (others)
  An orc (D:8)
  19 plants (D:8)
20 creatures vanquished.

Grand Total: 193 creatures vanquished

Notes
Turn   | Place    | Note
-------+----------+-------------------------------------------
     0 | D:1      | avis the Demigod Ice Elementalist began the quest for the
                  | Orb.
     0 | D:1      | Reached XP level 1. HP: 14/14 MP: 5/5
   577 | D:1      | Reached XP level 2. HP: 20/22 MP: 5/7
   720 | D:1      | Reached skill level 1 in Fighting
   905 | D:2      | Noticed Robin
  1185 | D:1      | Reached XP level 3. HP: 11/29 MP: 6/8
  1189 | D:1      | Learned a level 3 spell: Ozocubu's Armour
  1524 | D:2      | Killed Robin
  1804 | D:2      | Reached XP level 4. HP: 29/36 MP: 7/9
  1958 | D:2      | Noticed Sigmund
  1971 | D:2      | Killed Sigmund
  1972 | D:2      | Reached skill level 5 in Ice Magic
  1972 | D:2      | Reached XP level 5. HP: 30/45 MP: 1/12
  2189 | D:2      | Found a runed translucent door.
  2190 | D:2      | Noticed Crazy Yiuf
  2198 | D:2      | Killed Crazy Yiuf
  2203 | D:2      | Identified the +7 mace of the Feeding Oracle {elec, rF+++
                  | rCorr Str-4 Stlth+}
  2391 | D:2      | Learned a level 3 spell: Frozen Ramparts
  2713 | D:3      | Reached XP level 6. HP: 51/51 MP: 13/13
  3361 | D:4      | Found a staircase to the Ecumenical Temple.
  3368 | Temple   | Entered the Ecumenical Temple
  4275 | D:4      | You fall into a shaft and drop 3 floors!
  4467 | D:6      | Reached XP level 7. HP: 46/60 MP: 12/14
  4546 | D:5      | Entered Level 5 of the Dungeon
  4592 | D:5      | Reached skill level 5 in Fighting
  5486 | D:4      | Reached skill level 1 in Bows
  5880 | D:5      | Reached skill level 2 in Bows
  6092 | D:5      | Noticed Newt's ghost (amateur DsAK)
  6093 | D:5      | Found a runed translucent gate.
  6094 | D:5      | Found a runed translucent gate.
  6096 | D:5      | Found a runed translucent gate.
  6098 | D:5      | Identified the +7 dagger "Cus Ryll" {vorpal, rN+ Dex-4
                  | SInv}
  6098 | D:5      | Identified the +5 ring mail "Dapageom" {Int+2}
  6619 | D:5      | Killed Newt's ghost
  6620 | D:5      | Reached skill level 3 in Bows
  6674 | D:5      | Identified the +1 pair of gloves "Ajum" {rElec}
  7072 | D:6      | Reached XP level 8. HP: 70/70 MP: 12/15
  7205 | D:6      | Reached skill level 4 in Bows
  7373 | D:6      | Found Gojeom's Antique Armour Shoppe.
  7696 | D:6      | Reached skill level 5 in Bows
  7941 | D:6      | Upgraded the game from 0.29-a0-648-g6b26cc9f40 to
                  | 0.29-a0-653-gd47aff6735
  8051 | D:7      | Noticed a hornet
  8052 | D:7      | Paralysed by a hornet for 3 turns
  8060 | D:7      | Killed a hornet
  8061 | D:7      | Reached skill level 6 in Bows
  9280 | D:8      | Reached skill level 7 in Bows
  9280 | D:8      | Reached XP level 9. HP: 69/75 MP: 16/16
  9308 | D:8      | Learned a level 3 spell: Swiftness
 10859 | D:9      | Reached skill level 8 in Bows
 10859 | D:9      | Reached skill level 1 in Air Magic
 11040 | D:8      | Reached skill level 9 in Bows
 11193 | D:8      | HP: 2/75 [yak (4)]
 11194 | D:8      | Slain by a yak

Illustrated notes

Levels and vault maps discovered:
D:1:      tarquinn_simple_flora_water_e, layout_rooms, basic_ecumenical_altar,
          grunt_decor_mini_mirrors, minmay_misc_feat_tower
D:2:      layout_rooms, minmay_3d_cube, uniq_robin, uniq_crazy_yiuf_cottage,
          uniq_sigmund
D:3:      layout_rooms, hex_intersection, chequers_serial_rivers_large_a,
          kennysheep_another_room, kennysheep_generic_room_7
D:4:      layout_loops_corners, minmay_temple_entry_nine_rooms
D:5:      layout_loops_ring, biasface_ghost_orc_armoury
D:6:      layout_loops_corners, serial_shops, shop, serial_co_window_serial,
          co_window_cross_1, co_window_corner_a, co_window_corner_a,
          co_window_paths_a, co_window_of_opportunity_a, co_window_corner_b,
          co_window_paths_c, co_window_corner_b, glass_columns_a,
          glass_columns_b
D:7:      layout_basic
D:8:      layout_loops_cross, vehumet_altar_wand_db, serial_bayou,
          serial_bayou_lake_a, serial_bayou_ford_a, serial_bayou_shore_a,
          serial_bayou_crossing, minmay_misc_feat_enclosed
D:9:      layout_loops_ring, grunt_potential
Temple:   kilobyte_greek_temple

Skill      XL: |  1  2  3  4  5  6  7  8  9 |
---------------+----------------------------+-----
Ice Magic      | 4 5 6 7 |  7.0
Fighting       | 1 2 3 4 6 |  6.0
Spellcasting   | 2 3 |  3.0
Dodging        | 2 |  2.0
Stealth        | 2 |  2.0
Bows           | 3 7 9 |  9.1
Air Magic      | 1 |  1.0

Action                   |  1- 3 |  4- 6 |  7- 9 || total
-------------------------+-------+-------+-------++-------
Melee: Dagger            |     4 |    16 |       ||    20
       Mace              |       |    47 |    72 ||   119
       Punch             |       |       |     2 ||     2
 Fire: Hunting sling     |    43 |    72 |     4 ||   119
       Shortbow          |       |       |   240 ||   240
Throw: Dart              |    12 |     3 |       ||    15
 Cast: Freeze            |    35 |    23 |     7 ||    65
       Ozocubu's Armour  |     2 |    11 |    30 ||    43
  Use: Scroll            |     4 |     5 |    11 ||    20
       Potion            |       |       |     4 ||     4
 Stab: Sleeping          |       |     1 |       ||     1
Armor: Robe              |     8 |    29 |   135 ||   172
Dodge: Dodged            |    25 |    63 |   243 ||   331

Table legend: (Time is in decaauts)
 A = Elapsed time spent in this place.
 B = Non-inter-level travel time spent in this place.
 C = Inter-level travel time spent in this place.
 D = Time resting spent in this place.
 E = Time spent auto-exploring this place.
 F = Levels seen in this place.
 G = Mean time per level.
                   A        B        C        D        E       F      G
               +--------+--------+--------+--------+--------+-----+--------+
         Total |  11408 |  10235 |   1173 |   3515 |   4320 |  10 | 1140.8 |
       Dungeon |  11116 |   9945 |   1171 |   3415 |   4213 |   9 | 1235.1 |
        Temple |    291 |    290 |      1 |    100 |    107 |   1 |  291.0 |
               +--------+--------+--------+--------+--------+-----+--------+

Top non-repeatable levels by time:
     D:4: 1753 daAuts
     D:5: 1749 daAuts
     D:8: 1688 daAuts
     D:1: 1401 daAuts
     D:6: 1381 daAuts
     D:7: 1215 daAuts
     D:2: 1057 daAuts
     D:3: 841 daAuts
  Temple: 291 daAuts
     D:9: 28 daAuts
